 Dungeon Crawl Stone Soup version 0.21.1-1-g345015fe64 (webtiles) character file.

194 Kohma the Covered (level 5, -7/47 HPs)
             Began as a Minotaur Fighter on June 9, 2018.
             Killed by divine providence
             ... invoked by an orc priest
              (17 damage)
             ... on level 4 of the Dungeon.
             The game lasted 00:07:22 (1568 turns).

Kohma the Covered (Minotaur Fighter)                Turns: 1568, Time: 00:07:23

Health: -7/47      AC:  8    Str: 21    XL:     5   Next: 44%
Magic:  4/4        EV:  7    Int:  5    God:
Gold:   111        SH:  9    Dex: 10    Spells: 4/4 levels left

rFire    . . .     SeeInvis .   a - +0 war axe
rCold    . . .     Gourm    .   c - +0 shield
rNeg     . . .     Faith    .   b - +0 scale mail
rPois    .         Spirit   .   q - +1 hat
rElec    .         Reflect  .   (no cloak)
rCorr    .         Harm     .   (no gloves)
MR       .....                  (no boots)
Stlth    ..........             (no amulet)
HPRegen  0.15/turn              (no ring)
MPRegen  0.09/turn              (no ring)

@: no status effects
A: retaliatory headbutt, horns 2
a: no special abilities


You were on level 4 of the Dungeon.
You were not hungry.

You visited 1 branch of the dungeon, and saw 4 of its levels.

You collected 111 gold pieces.

Inventory:

Hand Weapons
 a - a +0 war axe (weapon)
 r - a +0 war axe
Armour
 b - a +0 scale mail (worn)
 c - a +0 shield (worn)
 q - a +1 hat (worn)
Wands
 p - a wand of flame (12)
Scrolls
 e - a scroll of immolation {unknown}
 g - 2 scrolls of remove curse {unknown}
 h - a scroll of teleportation {unknown}
 i - 2 scrolls of fear
 k - a scroll of enchant weapon {unknown}
Potions
 d - a potion of might
 l - 3 potions of heal wounds
 m - a potion of brilliance
 o - a potion of resistance
Comestibles
 f - 5 rations
 n - 5 chunks of flesh


   Skills:
 + Level 4.3 Fighting
 * Level 4.5 Axes
 * Level 5.3 Armour
 + Level 4.4 Shields


You had 4 spell levels left.
You didn't know any spells.

Dungeon Overview and Level Annotations

Branches:
Dungeon (4/15)
 Temple: D:4-7

Altars:


Innate Abilities, Weirdness & Mutations

You reflexively headbutt those who attack you in melee.
You have a pair of horns on your head.


Message History

You barely miss the orc priest.
The orc priest is moderately wounded.
You barely miss the orc priest.
The orc priest hits you but does no damage. x2
The orc priest mumbles some strange prayers to Beogh against you.
Beogh smites you!
* * * LOW HITPOINT WARNING * * *
You barely miss the orc priest.
You kill the orc priest!
You hit the orc priest.
The orc priest hits you but does no damage.
You block the orc priest's attack.
You closely miss the orc priest.
The orc priest is severely wounded.
The orc priest hits you but does no damage.
You hit the orc priest.
The orc priest is almost dead.
The orc priest invokes the aid of Beogh against you.
Beogh smites you!
You die...

#............# ####
#.....<...#... ...
#...........##
#..#.............
#.#...........########
#..)#######..........#
###..# #.........##.
##.#######............
#.##@o.##............
##.##)#..#............
###..##.##.........#....
#...##..##.........# ...
##.##...###.........# ..
#.....### #.........# .
........### #.........#
.......## #.........#
..####### #.........#


You could see an orc priest.

Vanquished Creatures
  2 orc priests (D:4)
  An orc wizard (D:4)
  A worker ant (D:4)
  3 adders
  A worm (D:2)
  A dart slug (D:1)
  3 orcs
  2 ball pythons
  9 bats
  A giant cockroach (D:1)
  11 goblins
  6 hobgoblins
  4 frilled lizards (D:1)
  6 kobolds
  4 rats (D:1)
55 creatures vanquished.

Notes
Turn   | Place    | Note
-------+----------+-------------------------------------------
     0 | D:1      | Kohma the Minotaur Fighter began the quest for the Orb.
     0 | D:1      | Reached XP level 1. HP: 19/19 MP: 0/0
    98 | D:1      | Reached XP level 2. HP: 20/27 MP: 1/1
   196 | D:1      | Reached skill level 4 in Armour
   674 | D:2      | Reached XP level 3. HP: 33/33 MP: 2/2
  1184 | D:2      | Reached XP level 4. HP: 27/40 MP: 3/3
  1549 | D:4      | Reached skill level 5 in Armour
  1563 | D:4      | Reached XP level 5. HP: 22/46 MP: 4/4
  1568 | D:4      | Killed from afar by an orc priest

Skill      XL: |  1  2  3  4 |
---------------+-------------+-----
Axes           | 3 4 |  4.5
Armour         | 4 5 |  5.3
Fighting       | 4 |  4.3
Shields        | 4 |  4.4

Action                   |  1- 3 |  4- 6 || total
-------------------------+-------+-------++-------
Melee: War axe           |    97 |    30 ||   127
       Headbutt          |    10 |     5 ||    15
  Use: Scroll            |       |     5 ||     5
  Eat: Chunk             |     1 |     1 ||     2
Armor: Scale mail        |    50 |    17 ||    67
Dodge: Dodged            |    45 |    11 ||    56
Block: Shield            |    55 |    19 ||    74
